3AA
YAKIMA HOPS @ CASPER GHOSTS
09/18/2029
 
TOP OF THE 1ST
Yakima Hops batting - Pitching for Casper Ghosts : RHP Ángelo Román
Pitching: RHP Ángelo Román
Batting: RHB Carl Herbert 0-0: Ball
1-0: Foul Ball, location: 2F
1-1: DOUBLE (Flyball, 8RXD)
Batting: LHB Bob Maher 0-0: Ground out 6-3 (Groundball, 6)
Carl Herbert to third
Batting: SHB José Rico 0-0: Foul Ball, location: 2F
0-1: Ball
1-1: Fly out, F7 (Flyball, 7S)
Batting: RHB Jud Regan 0-0: DOUBLE (Line Drive, 89XD)
Carl Herbert scores
Batting: RHB Xavier Gama 0-0: Foul Ball, location: 2F
0-1: Foul Ball, location: 2F
0-2: Fly out, F8 (Flyball, 8LM)
Top of the 1st over - 1 run, 2 hits, 0 errors, 1 left on base; Yakima 1 - Casper 0
BOTTOM OF THE 1ST
Casper Ghosts batting - Pitching for Yakima Hops : RHP Jack Thornton
Pitching: RHP Jack Thornton
Batting: LHB Ronald Anderson 0-0: Foul Ball, location: 2F
0-1: Ball
1-1: Called Strike
1-2: Ball
2-2: Ball
3-2: Ground out 4-3 (Groundball, 4D)
Batting: RHB José Córdova 0-0: Ball
1-0: Called Strike
1-1: Ground out 6-3 (Groundball, 6M)
Batting: RHB Derek Bangert 0-0: Ball
1-0: Ball
2-0: Called Strike
2-1: Ball
3-1: Base on Balls
Batting: RHB Jorge Díaz 0-0: Called Strike
0-1: Swinging Strike
0-2: Foul Ball, location: 2F
0-2: Ball
1-2: Ground out 4-3 (Groundball, 4)
Bottom of the 1st over - 0 runs, 0 hits, 0 errors, 1 left on base; Yakima 1 - Casper 0
TOP OF THE 2ND
Yakima Hops batting - Pitching for Casper Ghosts : RHP Ángelo Román
Batting: RHB Esteban Vázquez 0-0: Swinging Strike
0-1: Ball
1-1: Fly out, F1 (Line Drive, 15)
Batting: RHB Javier Carretero 0-0: Ball
1-0: Fly out, F9 (Line Drive, 89M)
Batting: RHB Mark Finney 0-0: Ball
1-0: Foul Ball, location: 2F
1-1: Ball
2-1: Ground out 6-3 (Groundball, 6)
Top of the 2nd over - 0 runs, 0 hits, 0 errors, 0 left on base; Yakima 1 - Casper 0
BOTTOM OF THE 2ND
Casper Ghosts batting - Pitching for Yakima Hops : RHP Jack Thornton
Batting: SHB Paco Ríos 0-0: Foul Ball, location: 2F
0-1: Ground out 6-3 (Groundball, 6)
Batting: RHB Steve Weber 0-0: Called Strike
0-1: Swinging Strike
0-2: Strikes out swinging
Batting: RHB Armando Pacheco 0-0: Ball
1-0: SINGLE (Line Drive, 6D)
Batting: RHB Henry Appleby 0-0: Ball
1-0: Foul Ball, location: 2F
1-1: Called Strike
1-2: Ball
Armando Pacheco steals 2nd base
2-2: Foul Ball, location: 2F
2-2: Ground out 6-3 (Groundball, 6)
Bottom of the 2nd over - 0 runs, 1 hit, 0 errors, 1 left on base; Yakima 1 - Casper 0
TOP OF THE 3RD
Yakima Hops batting - Pitching for Casper Ghosts : RHP Ángelo Román
Batting: RHB Giuseppe Provolone 0-0: Called Strike
0-1: Called Strike
0-2: Foul Ball, location: 2F
0-2: Fly out, F8 (Flyball, 8LM)
Batting: RHB Carl Herbert 0-0: Foul Ball, location: 2F
0-1: Ball
1-1: Ball
2-1: Foul Ball, location: 2F
2-2: Foul Ball, location: 2F
2-2: Strikes out looking
Batting: LHB Bob Maher 0-0: Ball
1-0: Called Strike
1-1: Ball
2-1: Ball
3-1: Base on Balls
Batting: SHB José Rico 0-0: Ball
1-0: Ball
2-0: Foul Ball, location: 2F
2-1: Ball
3-1: Foul Ball, location: 2F
3-2: Foul Ball, location: 2F
3-2: Fly out, F6 (Line Drive, 6)
Top of the 3rd over - 0 runs, 0 hits, 0 errors, 1 left on base; Yakima 1 - Casper 0
BOTTOM OF THE 3RD
Casper Ghosts batting - Pitching for Yakima Hops : RHP Jack Thornton
Batting: RHB Juan Hernández 0-0: Ball
1-0: Ball
2-0: Called Strike
2-1: Called Strike
2-2: Ground out 5-3 (Groundball, 56)
Batting: LHB Ronald Anderson 0-0: Ball
1-0: Ball
2-0: Swinging Strike
2-1: Ball
3-1: Base on Balls
Batting: RHB José Córdova 0-0: Ball
1-0: Single, Error in OF, E8, batter to second base
Ronald Anderson to third
Batting: RHB Derek Bangert 0-0: Called Strike
0-1: 3-RUN HOME RUN (Flyball, 9LD), Distance : 354 ft
Batting: RHB Jorge Díaz 0-0: Ball
1-0: Ball
2-0: Called Strike
2-1: Foul Ball, location: 2F
2-2: Strikes out swinging
Batting: SHB Paco Ríos 0-0: Called Strike
0-1: Called Strike
0-2: Ground out 5-3 (Groundball, 56S)
Bottom of the 3rd over - 3 runs, 2 hits, 1 error, 0 left on base; Yakima 1 - Casper 3
TOP OF THE 4TH
Yakima Hops batting - Pitching for Casper Ghosts : RHP Ángelo Román
Batting: RHB Jud Regan 0-0: Ball
1-0: Foul Ball, location: 2F
1-1: Ball
2-1: Foul Ball, location: 2F
2-2: Fly out, F6 (Line Drive, 6)
Batting: RHB Xavier Gama 0-0: Ball
1-0: Foul Ball, location: 2F
1-1: Ball
2-1: Ball
3-1: Base on Balls
Batting: RHB Esteban Vázquez 0-0: Called Strike
Xavier Gama steals 2nd base
0-1: Ball
1-1: Fly out, F5 (Line Drive, 56)
Batting: RHB Javier Carretero 0-0: Called Strike
0-1: Foul Ball, location: 2F
0-2: Fly out, F8 (Flyball, 78D)
Top of the 4th over - 0 runs, 0 hits, 0 errors, 1 left on base; Yakima 1 - Casper 3
BOTTOM OF THE 4TH
Casper Ghosts batting - Pitching for Yakima Hops : RHP Jack Thornton
Batting: RHB Steve Weber 0-0: Ground out 6-3 (Groundball, 6M)
Batting: RHB Armando Pacheco 0-0: Ball
1-0: Ball
2-0: Fly out, F8 (Flyball, 8RD)
Batting: RHB Henry Appleby 0-0: Foul Ball, location: 2F
0-1: Ball
1-1: Ball
2-1: Foul Ball, location: 2F
2-2: Hit by Pitch
Batting: RHB Juan Hernández 0-0: Called Strike
0-1: Ball
1-1: Ball
2-1: Foul Ball, location: 2F
2-2: Fly out, F5 (Line Drive, 5)
Bottom of the 4th over - 0 runs, 0 hits, 0 errors, 1 left on base; Yakima 1 - Casper 3
TOP OF THE 5TH
Yakima Hops batting - Pitching for Casper Ghosts : RHP Yoshii Ikeda
Pitching: RHP Yoshii Ikeda
Batting: RHB Mark Finney 0-0: Foul Ball, location: 2F
0-1: Ground out 5-3 (Groundball, 56)
Batting: RHB Giuseppe Provolone 0-0: Called Strike
0-1: Foul Ball, location: 2F
0-2: Ball
1-2: Ball
2-2: Ball
3-2: Strikes out swinging
Batting: RHB Carl Herbert 0-0: Foul Ball, location: 2F
0-1: Called Strike
0-2: Foul Ball, location: 2F
0-2: Foul Ball, location: 2F
0-2: Strikes out looking
Top of the 5th over - 0 runs, 0 hits, 0 errors, 0 left on base; Yakima 1 - Casper 3
BOTTOM OF THE 5TH
Casper Ghosts batting - Pitching for Yakima Hops : RHP Jack Thornton
Batting: LHB Ronald Anderson 0-0: Ball
1-0: Foul Ball, location: 2F
1-1: Ground out 5-3 (Groundball, 56)
Batting: RHB José Córdova 0-0: Called Strike
0-1: Called Strike
0-2: Ball
1-2: Ball
2-2: Foul Ball, location: 2F
2-2: Foul Ball, location: 2F
2-2: Ground out 5-3 (Groundball, 5)
Batting: RHB Derek Bangert 0-0: Called Strike
0-1: Ball
1-1: Swinging Strike
1-2: Ball
2-2: Foul Ball, location: 2F
2-2: Foul Ball, location: 2F
2-2: SINGLE (Groundball, 6MD)
Batting: RHB Jorge Díaz 0-0: Fly out, F9 (Flyball, 9)
Bottom of the 5th over - 0 runs, 1 hit, 0 errors, 1 left on base; Yakima 1 - Casper 3
TOP OF THE 6TH
Yakima Hops batting - Pitching for Casper Ghosts : RHP Yoshii Ikeda
Batting: LHB Bob Maher 0-0: Ball
1-0: Foul Ball, location: 2F
1-1: Ball
2-1: Fly out, F8 (Flyball, 8LD)
Batting: SHB José Rico 0-0: Ball
1-0: Ball
2-0: Called Strike
2-1: Ball
3-1: Base on Balls
Batting: RHB Jud Regan 0-0: Called Strike
0-1: Fly out, F8 (Line Drive, 8LS)
Batting: RHB Xavier Gama 0-0: Called Strike
0-1: Foul Ball, location: 2F
0-2: Ball
1-2: Fly out, F9 (Flyball, 9LS)
Top of the 6th over - 0 runs, 0 hits, 0 errors, 1 left on base; Yakima 1 - Casper 3
BOTTOM OF THE 6TH
Casper Ghosts batting - Pitching for Yakima Hops : RHP Jack Thornton
Batting: SHB Paco Ríos 0-0: Ground out 6-3 (Groundball, 6)
Batting: RHB Steve Weber 0-0: Swinging Strike
0-1: Foul Ball, location: 2F
0-2: Ball
1-2: Strikes out swinging
Batting: RHB Armando Pacheco 0-0: Called Strike
0-1: SOLO HOME RUN (Flyball, 78XD) (Inside the Park)
Batting: RHB Henry Appleby 0-0: Ball
1-0: Swinging Strike
1-1: Ball
2-1: Fly out, F8 (Flyball, 8LD)
Bottom of the 6th over - 1 run, 1 hit, 0 errors, 0 left on base; Yakima 1 - Casper 4
TOP OF THE 7TH
Yakima Hops batting - Pitching for Casper Ghosts : RHP Yoshii Ikeda
Batting: RHB Esteban Vázquez 0-0: Ball
1-0: Ball
2-0: Called Strike
2-1: Foul Ball, location: 2F
2-2: Strikes out looking
Batting: RHB Javier Carretero 0-0: Called Strike
0-1: Ball
1-1: Ball
2-1: Ball
3-1: Ground out 5-3 (Groundball, 56S)
Batting: RHB Mark Finney 0-0: Ball
1-0: Foul Ball, location: 2F
1-1: Foul Ball, location: 2F
1-2: Ball
2-2: Foul Ball, location: 2F
2-2: Foul Ball, location: 2F
2-2: Ball
3-2: Base on Balls
Batting: RHB Giuseppe Provolone 0-0: Ball
Mark Finney is caught stealing 2nd base
Top of the 7th over - 0 runs, 0 hits, 0 errors, 0 left on base; Yakima 1 - Casper 4
BOTTOM OF THE 7TH
Casper Ghosts batting - Pitching for Yakima Hops : RHP Jack Thornton
Pitching: RHP Pieter Spitsbaard
Batting: RHB Juan Hernández 0-0: Ball
1-0: Foul Ball, location: 2F
1-1: Ball
2-1: Ground out 6-3 (Groundball, 6)
Batting: LHB Ronald Anderson 0-0: Ball
1-0: Called Strike
1-1: Foul Ball, location: 2F
1-2: Ball
2-2: Ball
3-2: Strikes out swinging
Batting: RHB José Córdova 0-0: Ball
1-0: Fly out, F9 (Flyball, 89M)
Bottom of the 7th over - 0 runs, 0 hits, 0 errors, 0 left on base; Yakima 1 - Casper 4
TOP OF THE 8TH
Yakima Hops batting - Pitching for Casper Ghosts : RHP Yoshii Ikeda
Batting: RHB Giuseppe Provolone 0-0: Ball
1-0: Called Strike
1-1: Called Strike
1-2: Strikes out swinging
Batting: RHB Carl Herbert 0-0: DOUBLE (Line Drive, 5D)
Batting: LHB Bob Maher 0-0: Called Strike
0-1: Ball
1-1: Ball
2-1: Swinging Strike
2-2: Foul Ball, location: 2F
2-2: Strikes out swinging, 2-3 out at first.
Batting: SHB José Rico 0-0: Called Strike
0-1: Foul Ball, location: 2F
0-2: Foul Ball, location: 2F
0-2: Foul Ball, location: 2F
0-2: Strikes out swinging
Top of the 8th over - 0 runs, 1 hit, 0 errors, 1 left on base; Yakima 1 - Casper 4
BOTTOM OF THE 8TH
Casper Ghosts batting - Pitching for Yakima Hops : RHP Pieter Spitsbaard
Batting: RHB Derek Bangert 0-0: Ball
1-0: Fly out, F8 (Flyball, 78D)
Batting: RHB Jorge Díaz 0-0: Ball
1-0: Ball
2-0: Called Strike
2-1: Ball
3-1: Called Strike
3-2: Base on Balls
Batting: SHB Paco Ríos 0-0: Ball
1-0: Ball
Jorge Díaz steals 2nd base
2-0: Called Strike
2-1: Foul Ball, location: 2F
2-2: Foul Ball, location: 2F
2-2: Ball
3-2: Ground out U3 (Groundball, 3)
Jorge Díaz to third
Batting: RHB Steve Weber 0-0: Ball
1-0: Ground out U3 (Groundball, 34)
Bottom of the 8th over - 0 runs, 0 hits, 0 errors, 1 left on base; Yakima 1 - Casper 4
TOP OF THE 9TH
Yakima Hops batting - Pitching for Casper Ghosts : RHP Yoshii Ikeda
Batting: RHB Jud Regan 0-0: Foul Ball, location: 2F
0-1: Swinging Strike
0-2: Ball
1-2: Ball
2-2: Foul Ball, location: 2F
2-2: Ground out 1-3 (Groundball, 15S)
Batting: RHB Xavier Gama 0-0: Ball
1-0: Called Strike
1-1: Swinging Strike
1-2: Strikes out swinging
Batting: RHB Esteban Vázquez 0-0: Foul Ball, location: 2F
0-1: Ball
1-1: Ground out 4-3 (Groundball, 4)
Top of the 9th over - 0 runs, 0 hits, 0 errors, 0 left on base; Yakima 1 - Casper 4
Tuesday, December 19th, 2017 - OOTP Baseball 18.8 Build 76